 Dungeon Crawl Stone Soup version 0.13-a0-3110-gf6e36dc (webtiles) character file.

1178 MikesJam the Covered (level 7, -2/60 HPs)
             Began as a Minotaur Fighter on Sept 20, 2013.
             Was a Plaything of Xom.
             Slain by a phantom (6 damage)
             ... on Level 7 of the Dungeon on Sept 21, 2013.
             The game lasted 00:36:18 (3736 turns).

MikesJam the Covered (Minotaur Fighter)             Turns: 3736, Time: 00:36:21

HP  -2/60        AC 11     Str 22      XL: 7   Next: 94%
MP   2/2         EV  9     Int  5      God: Xom
Gold 209         SH 21     Dex 10      Spells:  0 memorised,  6 levels left

Res.Fire  : . . .   See Invis. : .   a - +0 falchion
Res.Cold  : . . .   Warding    : +   u - +1 chain mail
Life Prot.: + . .   Conserve   : .   c - +0 shield
Res.Poison: .       Res.Corr.  : .   (helmet restricted)
Res.Elec. : .       Clarity    : .   (no cloak)
Sust.Abil.: . .     Spirit.Shd : .   (no gloves)
Res.Mut.  : .       Rnd.Telep. : +   (no boots)
Res.Rott. : .       Flight     : .   r - amulet of warding
Saprovore : . . .                    w - +3 ring of evasion
                                     x - cursed ring of teleportation

@: mildly poisoned, hasted, very quick, slightly resistant to hostile
enchantments, extremely unstealthy
A: retaliatory headbutt, horns 2
a: Renounce Religion, Evoke Teleportation


You were on level 7 of the Dungeon.
You worshipped Xom.
You were a toy of Xom.
You were not hungry.

You visited 2 branches of the dungeon, and saw 8 of its levels.

You collected 189 gold pieces.

Inventory:

Hand weapons
 a - a +0,+0 falchion (weapon)
Missiles
 j - 3 needles of sleeping
Armour
 c - a +0 shield (worn)
 u - a +1 chain mail (worn)
Comestibles
 d - 4 bread rations
 g - a choko
 q - an apple
 t - a lychee
 v - a pear
Scrolls
 b - 2 scrolls of teleportation {unknown}
 e - 2 scrolls of remove curse
 h - a scroll of enchant armour
 l - a scroll of fog {unknown}
 m - a scroll of random uselessness {unknown}
 n - 3 scrolls of identify {unknown}
 o - a scroll of magic mapping {unknown}
 p - a scroll of curse weapon {unknown}
 y - a scroll of amnesia {unknown}
Jewellery
 k - an uncursed ring of poison resistance {unknown}
 r - an amulet of warding (around neck)
 w - a +3 ring of evasion (right hand)
 x - a cursed ring of teleportation (left hand)
 A - an uncursed ring of poison resistance {unknown}
Potions
 f - 3 potions of curing


   Skills:
 + Level 5.1 Fighting
 + Level 4.8 Long Blades
 + Level 0.2 Throwing
 + Level 6.7 Armour
 + Level 3.9 Dodging
 + Level 1.0 Stealth
 + Level 6.6 Shields


You had 6 spell levels left.
You didn't know any spells.

Dungeon Overview and Level Annotations

Branches:
Dungeon (7/27)             Temple (1/1) D:4
    Orc: D:6-11

Altars:
Ashenzari
Elyvilon
Fedhas
Kikubaaqudgha
Makhleb
Nemelex Xobeh
Okawaru
Trog
Vehumet
Xom
Yredelemnul
Zin
the Shining One

Shops:
D:2 *   D:4 ?


Innate Abilities, Weirdness & Mutations

You reflexively headbutt those who attack you in melee.
You have a pair of horns on your head.


Message History

The water moccasin barely misses you. You block the water moccasin's attack.
The phantom blinks!
The kobold barely misses you. You furiously retaliate!
You headbutt the kobold.
You kill the kobold!
You block the water moccasin's attack. You block the water moccasin's attack.
The phantom hits you but does no damage.
You closely miss the phantom. Your headbutt misses the phantom.
The phantom is moderately damaged.
You block the water moccasin's attack. The phantom barely misses you.
The water moccasin barely misses you. You furiously retaliate!
You headbutt the water moccasin.
You feel a little less clever now. Xom smiles on you.
You feel yourself speed up.
The water moccasin bites you but does no damage.
The phantom hits you.
You die...
Xom bursts into laughter!

##...........# #....<.......#
#..........### #..........#
####......#### # #
.........###
###...............#####
......#..(....#...#...#
......#####...#.@.#...####
.........<.....p.S.......#
....................[....#
......................([.#####
.............................#
.............................#
...(......!..................#
............(............#...#
..................).##...#####


You could see a phantom and a water moccasin.

Vanquished Creatures
  An ice beast (D:6)
  An ogre (D:5)
  A sky beast (D:5)
  3 centaurs
  3 wights (D:6)
  2 killer bees (D:7)
  A giant frog zombie (D:5)
  A hound (D:4)
  An iguana (D:6)
  A worker ant (D:4)
  A scorpion (D:4)
  Jessica (D:3)
  3 adders
  4 gnolls
  3 giant mites (D:4)
  A worm (D:3)
  7 giant geckos
  An ooze (D:1)
  2 orcs
  9 bats
  5 giant cockroaches
  8 hobgoblins
  2 giant newts (D:1)
  8 goblins
  A goblin zombie (D:5)
  10 kobolds
  A kobold skeleton (D:4)
  An orc zombie (D:5)
  A quokka (D:5)
  10 rats
94 creatures vanquished.

Vanquished Creatures (collateral kills)
  A kobold (D:7)
1 creature vanquished.

Vanquished Creatures (others)
  A ball python (D:5)
  A bat (D:1)
2 creatures vanquished.

Grand Total: 97 creatures vanquished

Notes
Turn   | Place    | Note
--------------------------------------------------------------
     0 | D:1      | MikesJam, the Minotaur Fighter, began the quest for the Orb.
     0 | D:1      | Reached XP level 1. HP: 19/19 MP: 0/0
   142 | D:1      | Reached skill level 4 in Fighting
   142 | D:1      | Reached XP level 2. HP: 19/27 MP: 0/0
   856 | D:2      | Reached XP level 3. HP: 24/33 MP: 1/1
   863 | D:2      | Found Zin's Purification Station.
   868 | D:2      | Found a glowing silver altar of Zin.
  1257 | D:1      | Upgraded the game from 0.13-a0-3104-gb5885e9 to 0.13-a0-3110-gf6e36dc
  1257 | D:1      | LittleBunny: im here
  1609 | D:1      | Reached XP level 4. HP: 20/40 MP: 1/1
  2052 | D:3      | Reached skill level 5 in Armour
  2089 | D:3      | Noticed Jessica
  2100 | D:3      | Killed Jessica
  2133 | D:3      | Reached skill level 1 in Dodging
  2242 | D:4      | Reached XP level 5. HP: 34/46 MP: 1/1
  2454 | D:4      | Found a glowing drain.
  2531 | D:4      | Found a staircase to the Ecumenical Temple.
  2546 | Temple   | Entered the Ecumenical Temple
  2635 | Temple   | Became a worshipper of Xom of Chaos
  2752 | D:4      | XOM: divination: detect items
  2976 | D:4      | XOM: harmless Necr miscast
  3181 | D:4      | XOM: divination: detect creatures
  3201 | D:4      | Found Froa's Magic Scroll Shoppe.
  3225 | D:5      | Entered Level 5 of the Dungeon
  3225 | D:5      | Noticed an ogre
  3240 | D:5      | Killed an ogre
  3240 | D:5      | Reached skill level 6 in Armour
  3240 | D:5      | Reached skill level 5 in Shields
  3240 | D:5      | Reached XP level 6. HP: 53/53 MP: 2/2
  3243 | D:5      | Noticed a sky beast
  3264 | D:5      | Found an ancient bone altar of Kikubaaqudgha.
  3270 | D:5      | Noticed a sky beast
  3287 | D:5      | Killed a sky beast
  3338 | D:5      | Noticed a centaur
  3338 | D:5      | XOM: potion effect (invisibility)
  3345 | D:5      | Killed a centaur
  3364 | D:5      | Reached XP level 7. HP: 55/60 MP: 2/2
  3365 | D:5      | Noticed a centaur
  3365 | D:5      | XOM: potion effect (invisibility)
  3374 | D:5      | Killed a centaur
  3374 | D:5      | Reached skill level 5 in Fighting
  3426 | D:6      | XOM: potion effect (might)
  3440 | D:6      | XOM: potion effect (berserk)
  3450 | D:6      | Reached skill level 1 in Stealth
  3508 | D:7      | XOM: harmless Necr miscast
  3531 | D:7      | XOM: confuse monster(s)
  3557 | D:7      | HP: 3/60 [poisoned by a water moccasin]
  3559 | D:7      | HP: 1/60 [poisoned by a water moccasin]
  3569 | D:7      | DaRapist: FUCK NIGGERS
  3570 | D:7      | LittleBunny: ?
  3596 | D:7      | DaRapist: shit fuckers sour cream
  3616 | D:7      | XOM: silly message
  3624 | D:7      | XOM: 3-stop teleportation journey
  3650 | D:7      | HP: 3/60 [poisoned by a water moccasin]
  3656 | D:7      | HP: 3/60 [poisoned by a water moccasin]
  3665 | D:7      | XOM: summons 5 hostile shadow creatures
  3670 | D:7      | HP: 1/60 [water moccasin (4)]
  3722 | D:7      | XOM: harmless Fire miscast
  3724 | D:7      | HP: 2/60 [water moccasin (2)]
  3736 | D:7      | XOM: potion effect (speed)
  3736 | D:7      | Slain by a phantom

Action                   |  1- 3 |  4- 6 |  7- 9 || total
-------------------------+-------+-------+-------++-------
Melee: Falchion          |    97 |   145 |    60 ||   302
Throw: Dart              |     2 |       |       ||     2
  Use: Scroll            |     2 |     1 |       ||     3
       Potion            |       |       |     5 ||     5
 Stab: Invisible         |       |     1 |       ||     1
